 Dungeon Sprint DCSS version 0.15.2 (webtiles) character file.

187 MordorOrchid the Skirmisher (level 5, 0/62 HPs)
             Began as an Ogre Arcane Marksman on June 6, 2021.
             Was a Follower of Okawaru.
             Slain by a hound (1 damage)
             ... in the Dungeon (Sprint IX: "|||||||||||||||||||||||||||||").
             The game lasted 00:02:49 (709 turns).

MordorOrchid the Skirmisher (Ogre Arcane Marksman)   Turns: 709, Time: 00:02:49

HP   0/62        AC  3     Str 16      XL: 5   Next: 66%
MP   7/9         EV 11     Int 19      God: Okawaru [*.....]
Gold 0           SH  0     Dex  9      Spells:  1 memorised,  5 levels left

rFire  . . .     SeeInvis .     (no weapon)
rCold  . . .     Clarity  .     a - +0 robe
rNeg   . . .     rCorr    .     (shield restricted)
rPois  .         rRot     .     (helmet restricted)
rElec  .         Spirit   .     (no cloak)
SustAb .         Warding  .     (gloves unavailable)
rMut   .         NoTele   +     (boots unavailable)
Gourm  .                        (no amulet)
MR     .....                    s - +3 ring of intelligence
                                r - +3 ring of intelligence

@: lethally poisoned, very slightly contaminated, slowed, invisible, very slow,
not resistant to hostile enchantments, very unstealthy
A: unfitting armour, tough skin 1
a: Heroism, Renounce Religion


You were in the Dungeon.
You worshipped Okawaru.
Okawaru was aware of your devotion.
You were hungry.

You visited 1 branch

Inventory:

Hand weapons
 o - a +2 dire flail of protection
 p - the +2 halberd of Anguish {chop, rC+ rN+}
   (You found it in the Dungeon)

   It inflicts extra damage upon your enemies.
   It protects you from cold.
   It protects you from negative energy.
 q - a +2 scimitar of freezing
Missiles
 b - 4 large rocks (quivered)
 c - 2 throwing nets
Armour
 a - a +0 robe (worn)
Magical devices
 m - a wand of cold (7)
Comestibles
 f - a meat ration
Scrolls
 j - 3 scrolls of remove curse
 k - 2 scrolls of blinking
 l - 2 scrolls of amnesia
Jewellery
 r - a +3 ring of intelligence (left hand)
 s - a +3 ring of intelligence (right hand)
Potions
 e - 5 potions of curing
 g - 3 potions of heal wounds
 i - 4 potions of magic
Books
 d - a book of Debilitation

   Spells                             Type                      Level
   *Corona                            Hexes                        1
   Slow                               Hexes                        2
   Inner Flame                        Hexes/Fire                   3
   Enslavement                        Hexes                        4
   Cause Fear                         Hexes                        4
   Leda's Liquefaction                Hexes/Earth                  4
Magical staves
 n - an uncursed staff of energy


   Skills:
 - Level 7.2 Fighting
 * Level 4.4 Long Blades
 - Level 2.1 Throwing
 - Level 4.3 Dodging
 - Level 1.2 Spellcasting
 - Level 2.1 Hexes
 * Level 5.4 Evocations


You had 5 spell levels left.
You knew the following spells:

 Your Spells              Type           Power        Failure   Level  Hunger
a - Corona                Hex            #......      10%         1    ##.....


Dungeon Overview and Level Annotations

Branches:
Dungeon (1/1)

Altars:
Cheibriados
Dithmenos
Elyvilon
Fedhas
Kikubaaqudgha
Makhleb
Nemelex Xobeh
Okawaru
Qazlal
Sif Muna
Trog
Vehumet
Xom
Yredelemnul
Zin
The Shining One
Beogh
Jiyva
Lugonu


Innate Abilities, Weirdness & Mutations

You are too large for most types of armour.
You have tough skin (AC +1).


Message History

You feel less protected.
You are now empty-handed.
Unknown command.
You feel sick. The hound bites you. The hound bites you.
You feel sick. The hound barely misses you.
The hound bites you but does no damage. The hound barely misses you.
You feel sick. The hound bites you.
* * * LOW HITPOINT WARNING * * *
The hound barely misses you.
You feel sick. The hound bites you but does no damage.
The hound closely misses you. The hound bites you but does no damage.
The hound bites you.
* * * LOW HITPOINT WARNING * * *
You feel sick. The hound closely misses you. The hound closely misses you.
The hound bites you.
* * * LOW HITPOINT WARNING * * *
You feel sick. The hound barely misses you. The hound bites you.
* * * LOW HITPOINT WARNING * * *
The hound barely misses you. The hound misses you.
The hound closely misses you. The hound bites you.
You die... ▓▓▓▓▓▓▓▓▓▓▓▓▓▓▓▓▓▓▓▓▓▓▓▓ +..aYrh@..[[[)...'._____ ▓▓▓▓▓▓▓▓▓▓▓▓▓▓▓▓▓▓▓▓▓▓▓▓

You could see a yak (wandering), a hound, a worker ant (wandering) and a quokka (wandering).

Vanquished Creatures
  A deep elf mage (D)
  A worker ant (D)
  An adder (D)
  A giant gecko (D)
  2 orcs (D)
  A bat (D)
  A hobgoblin (D)
  3 giant newts (D)
  A rat (D)
12 creatures vanquished.

Notes
Turn   | Place    | Note
--------------------------------------------------------------
     0 | D        | MordorOrchid, the Ogre Arcane Marksman, began the quest for the Orb.
     0 | D        | Reached XP level 1. HP: 19/19 MP: 2/2
    15 | D        | Reached skill level 3 in Fighting
    34 | D        | Reached skill level 4 in Fighting
   337 | D        | Noticed a worker ant
   351 | D        | Reached XP level 2. HP: 33/33 MP: 3/3
   353 | D        | Reached skill level 5 in Fighting
   359 | D        | Killed a worker ant
   359 | D        | Reached skill level 6 in Fighting
   359 | D        | Reached XP level 3. HP: 32/45 MP: 4/4
   363 | D        | Reached skill level 7 in Fighting
   372 | D        | Found a glowing silver altar of Zin.
   372 | D        | Found a glowing golden altar of the Shining One.
   372 | D        | Found an ancient bone altar of Kikubaaqudgha.
   372 | D        | Found a basalt altar of Yredelemnul.
   372 | D        | Found a shimmering altar of Xom.
   372 | D        | Found a radiant altar of Vehumet.
   372 | D        | Found an iron altar of Okawaru.
   373 | D        | Found a burning altar of Makhleb.
   374 | D        | Found a deep blue altar of Sif Muna.
   375 | D        | Found a bloodstained altar of Trog.
   376 | D        | Found a sparkling altar of Nemelex Xobeh.
   377 | D        | Found a white marble altar of Elyvilon.
   378 | D        | Found a roughly hewn altar of Beogh.
   379 | D        | Found a viscous altar of Jiyva.
   380 | D        | Found a corrupted altar of Lugonu.
   381 | D        | Became a worshipper of Warmaster Okawaru
   382 | D        | Found a blossoming altar of Fedhas.
   383 | D        | Found a snail-covered altar of Cheibriados.
   384 | D        | Found a shadowy altar of Dithmenos.
   385 | D        | Found a stormy altar of Qazlal.
   405 | D        | Got the +2 halberd of Anguish {chop, rC+ rN+}
   686 | D        | Noticed a worker ant
   686 | D        | Noticed a yak
   686 | D        | Noticed a hound
   686 | D        | Noticed a deep elf mage
   699 | D        | Killed a deep elf mage
   699 | D        | Acquired Okawaru's first power
   699 | D        | Reached skill level 5 in Evocations
   699 | D        | Reached XP level 4. HP: 26/55 MP: 5/7
   699 | D        | Reached XP level 5. HP: 29/62 MP: 6/9
   707 | D        | HP: 1/62 [hound (6)]
   709 | D        | Slain by a hound

Action                   |  1- 3 |  4- 6 || total
-------------------------+-------+-------++-------
Melee: Unarmed           |    68 |       ||    68
       Dire flail        |    12 |       ||    12
 Cast: Corona            |     2 |       ||     2
  Use: Potion            |     3 |       ||     3
 Stab: Invisible         |     2 |       ||     2
